[Event "Titled Tuesday Blitz July 26 Early 2022"]
[White "Fernandez Hernandez, Gerardo"]
[Black "Flis, Pawel"]
[WhiteFideId "2207400"]
[BlackFideId "1112864"]
[WhiteElo "2224"]
[BlackElo "1735"]
[Result "1-0"]
[Round "11"]
[TimeControl "180+1"]
[Date "2022.07.27"]
[WhiteClock "0:00:12"]
[BlackClock "0:00:28"]

1. e4 c5 2. d3 Nc6 3. g3 g6 4. Bg2 Bg7 5. f4 e6 6. Nf3 Nge7 7. O-O Nd4 8. c3 Nxf3+ 9. Qxf3 d5 10. e5 h5 11. Be3 d4 12. Bf2 Nf5 13. Nd2 Rb8 14. c4 b6 15. Ne4 Bb7 16. h3 Qd7 17. Rae1 Bxe4 18. Qxe4 Rd8 19. Qb7 Qxb7 20. Bxb7 Ke7 21. a3 Rd7 22. Bc6 Rc7 23. Bf3 a5 24. Rb1 Rd8 25. Rfe1 Rcd7 26. Bc6 Rc7 27. Be4 Bf8 28. g4 hxg4 29. hxg4 Nh6 30. Bh4+ Kd7 31. Bxd8 Kxd8 32. Bf3 Be7 33. Kg2 Bf8 34. Rh1 Bg7 35. Rh3 Ke7 36. Rbh1 f6 37. Rxh6 Bxh6 38. Rxh6 fxe5 39. Rh7+ Kd8 40. Rxc7 Kxc7 41. fxe5 Kd7 42. g5 Ke7 43. Be4 Kf7 44. Kf3 Kg7 45. Ke2 Kf7 46. Kd2 Kg7 47. Kc2 Kf7 48. Kb3 Kg7 49. Ka4 Kf7 50. Kb5 Kg7 51. Kxb6 Kf7 52. Kxc5 Kg7 53. Kxd4 Kf7 54. c5 Kg7 55. c6 Kf7 56. c7 Ke7 57. c8=Q 1-0


[Site "https://www.chess.com"]

[Event "Titled Tuesday Blitz July 26 Early 2022"]
[White "Fiol, Fabrice"]
[Black "Averjanov, Alexey"]
[WhiteFideId "611670"]
[BlackFideId "14109867"]
[WhiteElo "2391"]
[BlackElo "2639"]
[Result "0-1"]
[Round "11"]
[TimeControl "180+1"]
[Date "2022.07.27"]
[WhiteClock "0:00:01"]
[BlackClock "0:00:40"]

1. e4 c6 2. Nf3 d5 3. d3 Qc7 4. c3 dxe4 5. dxe4 Bg4 6. Be2 Nd7 7. Qc2 e5 8. h3 Bh5 9. Be3 Bc5 10. Bxc5 Nxc5 11. b4 Ne6 12. Nbd2 Nf4 13. g3 Nxe2 14. Kxe2 Nf6 15. g4 Bg6 16. Nh4 O-O 17. Nf5 Rad8 18. f3 Rd7 19. Nc4 Rfd8 20. Rad1 Bxf5 21. exf5 Nd5 22. Kf2 Nf4 23. Rxd7 Rxd7 24. Rd1 Rd5 25. h4 f6 26. Ne3 Rd6 27. Qb3+ Kf8 28. g5 Qd8 29. gxf6 gxf6 30. Rxd6 Qxd6 31. Qd1 Nd3+ 32. Ke2 Nf4+ 33. Kf2 Qc7 34. Nc4 Ke7 35. Qd2 h5 36. Qe3 b6 37. a4 Kf7 38. a5 Qd8 39. axb6 axb6 40. Nxb6 Qd1 41. Nc4 Qh1 42. Qa7+ Kg8 43. Qb8+ Kg7 44. Qc7+ Kh6 45. Qf7 Qg2+ 46. Ke3 Qe2# 0-1


[Site "https://www.chess.com"]

[Event "Titled Tuesday Blitz July 26 Early 2022"]
[White "Garrido, Denis"]
[Black "Hercegovac, Neven"]
[WhiteFideId "601217"]
[BlackFideId "2839135"]
[WhiteElo "2421"]
[BlackElo "1972"]
[Result "1/2-1/2"]
[Round "11"]
[TimeControl "180+1"]
[Date "2022.07.27"]
[WhiteClock "0:00:32"]
[BlackClock "0:00:06"]

1. e4 e5 2. Nf3 Nc6 3. Bb5 a6 4. Ba4 Nf6 5. Nc3 b5 6. Bb3 Be7 7. a4 b4 8. Nd5 O-O 9. Nxf6+ Bxf6 10. Bd5 Rb8 11. Bxc6 dxc6 12. b3 Bg4 13. d3 Bxf3 14. Qxf3 Bg5 15. Bb2 Qd6 16. h4 Bf4 17. g3 Bh6 18. Qf5 Rfe8 19. O-O g6 20. Qg4 Bg7 21. Kg2 Rf8 22. h5 f5 23. exf5 gxf5 24. Qc4+ Qd5+ 25. Qxd5+ cxd5 26. Rae1 Rbe8 27. h6 Bf6 28. Rh1 Kf7 29. f3 Kg6 30. g4 fxg4 31. fxg4 e4 32. Bxf6 Rxf6 33. dxe4 dxe4 34. Re3 Rf4 35. Kg3 Ref8 36. Rh5 Rf3+ 37. Rxf3 exf3 38. Kf2 Rf4 39. Ra5 Kxh6 40. Rxa6+ Kg5 41. Rc6 Kxg4 42. Rxc7 Re4 43. Rg7+ Kf4 44. Rf7+ Kg4 45. Rxf3 Re5 46. Rg3+ Kf4 47. Rh3 h5 48. Rh4+ Kg5 49. Rxb4 h4 50. Rb8 Rc5 51. c4 Rf5+ 52. Kg2 Re5 53. Rg8+ Kf4 54. Rh8 Kg4 55. Rg8+ Kf4 56. Kh3 Re1 57. Rf8+ Kg5 58. Rg8+ Kf4 59. a5 Rb1 60. Rg4+ Kf5 61. Kxh4 Rh1+ 62. Kg3 Rg1+ 63. Kf3 Rxg4 64. Ke3 Rg3+ 65. Kd4 Rxb3 66. Kc5 Ke6 67. a6 Kd7 68. a7 Ra3 69. Kb6 Kc8 70. c5 Rb3+ 71. Ka6 Ra3+ 72. Kb6 Rb3+ 73. Ka6 Ra3+ 74. Kb6 1/2-1/2


[Site "https://www.chess.com"]

[Event "Titled Tuesday Blitz July 26 Early 2022"]
[White "Hafiz, Arif Abdul"]
[Black "Skliarov, Viktor"]
[WhiteFideId "7104227"]
[BlackFideId "14106736"]
[WhiteElo "2198"]
[BlackElo "2257"]
[Result "1/2-1/2"]
[Round "11"]
[TimeControl "180+1"]
[Date "2022.07.26"]
[WhiteClock "0:00:13"]
[BlackClock "0:00:02"]

1. e4 c5 2. Nc3 Nc6 3. f4 g6 4. Nf3 Bg7 5. Bb5 Nd4 6. O-O Nxb5 7. Nxb5 a6 8. Nc3 b5 9. d3 Bb7 10. Be3 d6 11. Qe1 Nf6 12. e5 Ng4 13. exd6 Nxe3 14. Qxe3 Qxd6 15. Ne4 Bxe4 16. Qxe4 O-O 17. Ne5 Rad8 18. Rae1 e6 19. b3 Qd4+ 20. Qxd4 Rxd4 21. Nc6 Rd6 22. Ne5 Rc8 23. Re4 f6 24. Nf3 f5 25. Re2 c4 26. dxc4 bxc4 27. g3 cxb3 28. axb3 h6 29. Kg2 Kf7 30. Rff2 Rc3 31. Rd2 Rxd2 32. Rxd2 Ke7 33. Kf2 Bf6 34. Ne1 g5 35. Rd3 Rc5 36. c4 e5 37. fxe5 Bxe5 38. Rd2 Bf6 39. Ra2 Rc6 40. Nd3 Bd4+ 41. Kf1 Rb6 42. b4 Kf6 43. Ke2 h5 44. Ra5 Rc6 45. c5 h4 46. gxh4 gxh4 47. Ra2 Kg5 48. Kf3 Re6 49. Rg2+ Kf6 50. Re2 Rxe2 51. Kxe2 Ke6 52. Nf4+ Kd7 53. Kd3 Be5 54. Ng6 Bxh2 55. Nxh4 f4 56. Nf3 Bg3 57. Kc4 Kc7 58. Kd5 Bf2 59. Ng5 Be3 60. Nf3 Bc1 61. Kd4 Ba3 62. Kc4 Bc1 63. Nd4 Be3 64. Nf3 Kc6 65. Ne5+ Kc7 66. Kd5 Bd2 67. Kc4 Be3 68. Kb3 Bd2 69. Ka4 Bc3 70. Nf3 Kc6 71. Ka5 Kd5 72. Ng5 Bf6 73. Nf3 Bc3 74. Ng5 Kc6 75. Nf3 Kd5 1/2-1/2


[Site "https://www.chess.com"]

[Event "Titled Tuesday Blitz July 26 Early 2022"]
[White "Harish, Neeraj"]
[Black "Manukian, Artak"]
[WhiteFideId "30958130"]
[BlackFideId "13301373"]
[WhiteElo "1574"]
[BlackElo "2317"]
[Result "0-1"]
[Round "11"]
[TimeControl "180+1"]
[Date "2022.07.27"]
[WhiteClock "0:00:02"]
[BlackClock "0:00:10"]

1. e4 c6 2. d4 d5 3. e5 Bf5 4. Nd2 e6 5. Nb3 Nd7 6. Nf3 h6 7. Be2 g5 8. O-O Ne7 9. a4 Rc8 10. a5 a6 11. Be3 Bg7 12. Rc1 O-O 13. h4 g4 14. Nh2 h5 15. Re1 c5 16. c3 Nc6 17. Nf1 Qxh4 18. Qd2 Qe7 19. Ng3 Bg6 20. Bg5 f6 21. exf6 Bxf6 22. Bxf6 Qxf6 23. Qe3 c4 24. Nd2 Rce8 25. Qh6 Qg7 26. Qxg7+ Kxg7 27. f3 h4 28. Ngf1 g3 29. Ne3 Nxa5 30. Ng4 Bf5 31. Ne5 Nxe5 32. dxe5 b5 33. f4 Nb7 34. Nf3 Nc5 35. Nxh4 Bd3 36. Nf3 Bxe2 37. Rxe2 Nd3 38. Ra1 Nxf4 39. Re3 Ra8 40. Nd4 Kf7 41. Rxg3 Ke7 42. Rg7+ Rf7 43. Rxf7+ Kxf7 44. Kf2 Nd3+ 45. Ke3 Nxb2 46. g4 Na4 47. Ne2 Rh8 48. g5 Rh3+ 49. Kd2 Rd3+ 50. Kc2 Re3 51. Rf1+ Ke7 52. Kd2 Rxe5 53. g6 Rg5 54. Nf4 Kd6 55. Rh1 e5 0-1


[Site "https://www.chess.com"]

[Event "Titled Tuesday Blitz July 26 Early 2022"]
[White "Harsh Suresh"]
[Black "Maksimovic, Bojan"]
[WhiteFideId "45018464"]
[BlackFideId "14408120"]
[WhiteElo "2059"]
[BlackElo "2453"]
[Result "1-0"]
[Round "11"]
[TimeControl "180+1"]
[Date "2022.07.26"]
[WhiteClock "0:00:06"]
[BlackClock "0:00:01"]

1. e4 c5 2. Nc3 e6 3. Nge2 a6 4. g3 b5 5. a3 Bb7 6. Bg2 d6 7. d4 cxd4 8. Nxd4 Nd7 9. O-O Rb8 10. Be3 Ngf6 11. Qe2 Be7 12. Rad1 O-O 13. f4 Qc7 14. f5 e5 15. Nb3 Rbc8 16. g4 h6 17. h3 Qb8 18. Bf2 Rxc3 19. bxc3 Qa8 20. Rfe1 Rc8 21. Rd3 a5 22. h4 h5 23. g5 Ng4 24. Bf3 Nxf2 25. Qxf2 a4 26. Nd2 d5 27. exd5 Bc5 28. Ree3 Bxe3 29. Rxe3 Bxd5 30. Ne4 Bxe4 31. Bxe4 Qa7 32. f6 g6 33. Bd5 Qc5 34. Rd3 Qc7 35. Qf3 Nb6 36. Ba2 Nc4 37. Qd5 Rf8 38. Qxb5 Nxa3 39. Qxa4 Qc5+ 40. Kg2 Nb5 41. Rd5 Nxc3 42. Rxc5 Nxa4 43. Rxe5 Nc3 44. Bb3 Nb1 45. Re7 Nd2 46. Bd5 Nb1 47. Kf3 Nc3 48. Bb3 Nb5 49. Ke4 Nd6+ 50. Kf4 Nf5 51. Rb7 Nxh4 52. c4 Nf5 53. Rd7 h4 54. c5 h3 55. Kf3 Nh4+ 56. Kg3 h2 57. Kxh2 Nf3+ 58. Kh1 Nxg5 59. c6 Rc8 60. c7 Kh7 61. Bd5 Ne6 62. Bxe6 Kh6 63. Rxf7 Rh8 64. c8=Q Rxc8 65. Bxc8 1-0


[Site "https://www.chess.com"]

[Event "Titled Tuesday Blitz July 26 Early 2022"]
[White "Harshavardhan G B"]
[Black "Plazuelo Pascual, Juan"]
[WhiteFideId "25059009"]
[BlackFideId "32059566"]
[WhiteElo "1831"]
[BlackElo "2416"]
[Result "1-0"]
[Round "11"]
[TimeControl "180+1"]
[Date "2022.07.26"]
[WhiteClock "0:00:44"]
[BlackClock "0:00:01"]

1. e4 c5 2. Nf3 e6 3. d4 cxd4 4. Nxd4 Nf6 5. Nc3 Nc6 6. Ndb5 Bb4 7. a3 Bxc3+ 8. Nxc3 d5 9. exd5 exd5 10. Bd3 O-O 11. O-O Bg4 12. f3 Bh5 13. Kh1 Qb6 14. b4 Bg6 15. Bg5 Ne7 16. Bxg6 hxg6 17. Bxf6 Qxf6 18. Nxd5 Nxd5 19. Qxd5 Rac8 20. c4 Rfd8 21. Qe4 b6 22. Rad1 Qb2 23. Rxd8+ Rxd8 24. Qe7 Rd2 25. Qxa7 Rxg2 26. Qb8+ Kh7 27. Qf4 Qe2 28. Qh4+ Kg8 29. Re1 Rxh2+ 30. Qxh2 Qxe1+ 31. Qg1 Qh4+ 32. Kg2 Qxc4 33. Qxb6 Qa2+ 34. Kg3 Qxa3 35. b5 Kh7 36. Qc7 Qe3 37. b6 Qg1+ 38. Kf4 Qd4+ 39. Kg3 Qg1+ 40. Kh3 Qf1+ 41. Kh4 Qh1+ 42. Kg4 Qg2+ 43. Kf4 Qd2+ 44. Ke5 Qe3+ 45. Kd6 Qd4+ 46. Ke7 Qf6+ 47. Ke8 Qe6+ 48. Kd8 Qf6+ 49. Kc8 Qf5+ 50. Qd7 Qc5+ 51. Qc7 Qf5+ 52. Kd8 Qd5+ 53. Ke8 Qe6+ 54. Kf8 f6 55. Qh2+ 1-0


[Site "https://www.chess.com"]

[Event "Titled Tuesday Blitz July 26 Early 2022"]
[White "Howell, David W L"]
[Black "Seo, Jung Min"]
[WhiteFideId "410608"]
[BlackFideId "1734687"]
[WhiteElo "2559"]
[BlackElo "2414"]
[Result "1/2-1/2"]
[Round "11"]
[TimeControl "180+1"]
[Date "2022.07.26"]
[WhiteClock "0:00:04"]
[BlackClock "0:00:25"]

1. e4 c5 2. Nf3 d6 3. d4 cxd4 4. Nxd4 Nf6 5. Nc3 a6 6. Rg1 Nc6 7. g4 Nxd4 8. Qxd4 Bxg4 9. Rxg4 Nxg4 10. Qa4+ Qd7 11. Bb5 axb5 12. Qxa8+ Qd8 13. Qxb7 e6 14. Nxb5 Be7 15. Nc7+ Kf8 16. h3 Ne5 17. Be3 Bg5 18. f4 Nc4 19. Bb6 Bh4+ 20. Ke2 Nxb6 21. Qxb6 g6 22. Rd1 Be7 23. c4 Kg7 24. e5 d5 25. cxd5 exd5 26. Rxd5 Qc8 27. e6 Bd8 28. Rd7 Bxc7 29. Rxc7 Qa8 30. Rxf7+ Kh6 31. Qb7 Qxa2 32. f5 Qc4+ 33. Kd2 Qd4+ 34. Kc1 Qc4+ 35. Kb1 Qd3+ 36. Ka2 Qc4+ 37. Ka3 Qc5+ 38. Ka2 Qc4+ 39. Ka3 Qc5+ 40. Kb3 Qe3+ 41. Ka4 Qd4+ 42. b4 Qd1+ 43. Kb5 Qd3+ 44. Kc5 Qc3+ 45. Kb5 Qd3+ 46. Kb6 Qd4+ 47. Ka5 Qa1+ 48. Kb5 Qf1+ 49. Kb6 Qf2+ 50. Kb5 Qf1+ 51. Kb6 Qf2+ 52. Kb5 Qf1+ 1/2-1/2


[Site "https://www.chess.com"]

[Event "Titled Tuesday Blitz July 26 Early 2022"]
[White "Ismagilov, Damir"]
[Black "Gunina, Valentina"]
[WhiteFideId "34199982"]
[BlackFideId "4167570"]
[WhiteElo "2138"]
[BlackElo "2386"]
[Result "1/2-1/2"]
[Round "11"]
[TimeControl "180+1"]
[Date "2022.07.26"]
[WhiteClock "0:00:36"]
[BlackClock "0:01:09"]

1. d4 d5 2. c4 c6 3. cxd5 cxd5 4. Bf4 Nf6 5. e3 Nc6 6. Nc3 a6 7. Be2 Bf5 8. Nf3 e6 9. Qb3 Nh5 10. Bg5 Qc7 11. Ne5 Nf6 12. f4 h6 13. Bh4 Ne4 14. Nxe4 Bxe4 15. O-O Bd6 16. Rac1 O-O 17. Bd3 Bxd3 18. Qxd3 f6 19. Nxc6 bxc6 20. Rc2 Qb7 21. Rfc1 Rac8 22. Be1 e5 23. fxe5 fxe5 24. e4 dxe4 25. Qxe4 exd4 26. Qe6+ Qf7 27. Qxf7+ Rxf7 28. Rxc6 Rcf8 29. Bg3 Bxg3 30. hxg3 Rf2 31. R6c2 R2f6 32. Rd2 Rg6 33. Rxd4 Rxg3 34. Rc6 Re8 35. Rd2 a5 36. Rcd6 Rg5 37. R6d5 Rxd5 38. Rxd5 Re2 39. Rxa5 Rxb2 40. Ra7 1/2-1/2


[Site "https://www.chess.com"]

[Event "Titled Tuesday Blitz July 26 Early 2022"]
[White "Jarmula, Lukasz"]
[Black "Rohith Krishna S"]
[WhiteFideId "1160664"]
[BlackFideId "46617051"]
[WhiteElo "2246"]
[BlackElo "2117"]
[Result "1-0"]
[Round "11"]
[TimeControl "180+1"]
[Date "2022.07.26"]
[WhiteClock "0:01:14"]
[BlackClock "0:01:40"]

1. e4 c5 2. Nf3 d6 3. Bb5+ Nc6 4. O-O g6 5. c3 Bg7 6. d4 cxd4 7. cxd4 a6 8. Bc4 Bg4 9. Bxf7+ Kxf7 10. Ng5+ Ke8 11. Qxg4 Nxd4 12. Nc3 Nf6 13. Qh3 Qd7 14. Qxd7+ Kxd7 15. Rd1 Nc2 16. Rb1 Ng4 17. Nf3 Rac8 18. Bf4 Rhf8 19. Bg3 Bxc3 20. bxc3 b5 21. e5 d5 22. Rxd5+ Ke6 23. Rbd1 Rxc3 24. Ng5+ Kf5 25. e6+ Kf6 26. Nxh7+ Kg7 27. Nxf8 Kxf8 28. Rd8+ Kg7 29. h3 Nf6 30. Rc1 b4 31. Be5 Rc6 32. Rd2 Nd4 33. Rxc6 Nxc6 34. Bb2 g5 35. Rc2 Nd8 36. Rc7 Kg6 37. Rxe7 Ne4 38. Rg7+ 1-0


[Site "https://www.chess.com"]

[Event "Titled Tuesday Blitz July 26 Early 2022"]
[White "Jeet, Jain"]
[Black "Atakhan, Abtin"]
[WhiteFideId "5073022"]
[BlackFideId "22502203"]
[WhiteElo "2055"]
[BlackElo "2087"]
[Result "1-0"]
[Round "11"]
[TimeControl "180+1"]
[Date "2022.07.26"]
[WhiteClock "0:01:11"]
[BlackClock "0:00:28"]

1. b3 Nf6 2. Bb2 e6 3. g3 g6 4. Bg2 Bg7 5. Nf3 O-O 6. O-O d5 7. d4 b6 8. Nbd2 Bb7 9. c4 Nbd7 10. Ne5 Re8 11. Rc1 Nxe5 12. dxe5 Nd7 13. cxd5 Bxd5 14. Bxd5 exd5 15. f4 f6 16. Nf3 Nc5 17. exf6 Bxf6 18. Bxf6 Qxf6 19. Qxd5+ Kg7 20. Ne5 Rad8 21. Qf3 Rd2 22. Rfd1 Red8 23. Rxd2 Rxd2 24. b4 Ne6 25. Rc6 Qe7 26. Qc3 Rd1+ 27. Kf2 Kg8 28. Ng4 Nd4 29. Qc4+ Kf8 30. Rxc7 Qe6 31. Rc8+ Ke7 32. Qc7+ Qd7 33. Qe5+ Ne6 34. Rc4 Qd2 35. Ne3 Qe1+ 36. Kf3 Qh1+ 37. Kg4 h5+ 38. Kh3 Rd7 39. Re4 Rd6 40. f5 g5 41. fxe6 g4+ 42. Kh4 1-0


[Site "https://www.chess.com"]

[Event "Titled Tuesday Blitz July 26 Early 2022"]
[White "Kozin, Yuri"]
[Black "Leve, Nitai"]
[WhiteFideId "4129920"]
[BlackFideId "2006898"]
[WhiteElo "2526"]
[BlackElo "2144"]
[Result "1-0"]
[Round "11"]
[TimeControl "180+1"]
[Date "2022.07.27"]
[WhiteClock "0:00:05"]
[BlackClock "0:00:11"]

1. e4 e6 2. d4 d5 3. Nd2 Nf6 4. Bd3 Be7 5. Ngf3 b6 6. Qe2 Bb7 7. e5 Nfd7 8. Nf1 c5 9. c3 Nc6 10. a3 O-O 11. Ng3 f6 12. exf6 Bxf6 13. Qxe6+ Kh8 14. Qxd5 Nb4 15. Qxb7 Nxd3+ 16. Kf1 cxd4 17. cxd4 Rc8 18. Be3 Nxb2 19. Qxa7 Nc4 20. h4 Qe7 21. Re1 Qf7 22. h5 Qd5 23. Qa4 Ra8 24. Qc2 Rxa3 25. h6 g6 26. Qe4 Nxe3+ 27. fxe3 Qc4+ 28. Kg1 Ra2 29. Rf1 b5 30. Ng5 b4 31. Ne6 Re8 32. d5 Qxe4 33. Nxe4 Be5 34. N4g5 b3 35. Nf7+ Kg8 36. Nxe5 Nxe5 37. Kh2 Ng4+ 38. Kg3 Nxe3 39. Rb1 Nxd5 40. Ng5 b2 41. Rhe1 Rxe1 42. Rxe1 Kf8 43. Nxh7+ Kf7 44. Ng5+ Kf6 45. h7 Kg7 46. Rb1 Nc3 47. Re1 b1=Q 48. Re7+ Kf6 49. h8=Q+ Kxg5 50. Re5+ Qf5 51. Rxf5+ Kxf5 52. Qxc3 Ra4 53. Kh2 Rh4+ 54. Kg1 Rf4 55. Qc8+ Kg5 56. Qg8 Rf5 57. g3 Kf6 58. Kg2 Rg5 59. Qh8+ Kf5 60. Qf8+ Ke5 61. Qd8 Rf5 62. g4 Rf7 63. Qb8+ Kf6 64. Kg3 Re7 65. Qd8 Kf7 66. Kh4 Re8 67. Qd7+ Re7 68. Qd5+ Kg7 69. Kg5 Rf7 70. Qe5+ Kh7 71. Qe6 Rg7 72. Kh4 Kh6 73. Qe4 Kh7 74. Kh3 Rf7 75. Qe3 Kg7 76. Kh4 Rf8 77. Kg5 Rf7 78. Qe5+ Kf8 79. Qh8+ Ke7 80. Qe5+ Kf8 81. Kh6 Rg7 82. Qxg7+ 1-0


[Site "https://www.chess.com"]

[Event "Titled Tuesday Blitz July 26 Early 2022"]
[White "Krylov, Ivan"]
[Black "Gabriel, Robert"]
[WhiteFideId "24128066"]
[BlackFideId "4606477"]
[WhiteElo "2257"]
[BlackElo "2203"]
[Result "0-1"]
[Round "11"]
[TimeControl "180+1"]
[Date "2022.07.27"]
[WhiteClock "0:00:16"]
[BlackClock "0:00:10"]

1. e4 c5 2. Nf3 g6 3. c3 Bg7 4. d4 cxd4 5. cxd4 d5 6. e5 Bg4 7. Be2 Nc6 8. h3 Bxf3 9. Bxf3 e6 10. Be3 Qb6 11. Qd2 Nge7 12. O-O Nf5 13. Nc3 Nfxd4 14. Bg4 Bxe5 15. Rfd1 Bg7 16. a4 a6 17. Qd3 O-O 18. Kh1 Rad8 19. Ne2 e5 20. Nxd4 exd4 21. Bf4 Ne5 22. Bxe5 Bxe5 23. Rab1 Rfe8 24. b4 Bg7 25. b5 a5 26. Qf3 f5 27. Bxf5 gxf5 28. Qxf5 Rf8 29. Qc2 d3 30. Rxd3 Rxf2 31. Qb3 Qe6 32. Rg3 Kh8 33. Rd1 Be5 34. Re3 Qg6 35. Rg1 Bc7 36. Qc3+ d4 37. Qxc7 dxe3 38. Qxd8+ Kg7 39. Qe7+ Kg8 40. Qxe3 Qf7 0-1


[Site "https://www.chess.com"]

[Event "Titled Tuesday Blitz July 26 Early 2022"]
[White "Large, Peter G"]
[Black "Gracia Alvarez, Gerardo Antonio"]
[WhiteFideId "400866"]
[BlackFideId "5109124"]
[WhiteElo "2064"]
[BlackElo "2139"]
[Result "0-1"]
[Round "11"]
[TimeControl "180+1"]
[Date "2022.07.27"]
[WhiteClock "0:00:01"]
[BlackClock "0:00:06"]

1. Nf3 g6 2. b3 Bg7 3. d4 c5 4. Bb2 cxd4 5. Nxd4 Nf6 6. e3 Qa5+ 7. Nd2 O-O 8. Be2 Ne4 9. Bd3 Nxd2 10. Qxd2 Qxd2+ 11. Kxd2 d5 12. Rhc1 e5 13. Nb5 Nc6 14. Be2 Bf5 15. c4 Rfd8 16. cxd5 Rxd5+ 17. Ke1 Rd7 18. Rd1 Rad8 19. Rxd7 Rxd7 20. Rc1 Be6 21. Bc4 Bxc4 22. Rxc4 f6 23. Nc3 Kf7 24. e4 Rd4 25. Rxd4 exd4 26. Nd5 Ke6 27. f3 f5 28. Nf4+ Kf6 29. exf5 Kxf5 30. Nd3 Bh6 31. Ke2 b6 32. g4+ Ke6 33. b4 Kd5 34. b5 Na5 35. f4 Nc4 36. Bc1 Nd6 37. a4 Bg7 38. Nb2 Ke4 39. Nd3 Nb7 40. Nf2+ Kd5 41. Kd3 Nc5+ 42. Kc2 Kc4 43. f5 d3+ 44. Nxd3 Nxd3 45. fxg6 hxg6 46. h4 Nc5 47. h5 gxh5 48. gxh5 Nxa4 49. h6 Bh8 50. Bg5 Kxb5 51. Be7 Nc5 52. Bd6 Ne6 0-1


[Site "https://www.chess.com"]

[Event "Titled Tuesday Blitz July 26 Early 2022"]
[White "Lehtosaari, Mauri"]
[Black "Karttunen, Mika"]
[WhiteFideId "501999"]
[BlackFideId "502081"]
[WhiteElo "2509"]
[BlackElo "2343"]
[Result "0-1"]
[Round "11"]
[TimeControl "180+1"]
[Date "2022.07.27"]
[WhiteClock "0:00:01"]
[BlackClock "0:00:15"]

1. d4 Nf6 2. Nf3 e6 3. Bg5 h6 4. Bxf6 Qxf6 5. Nbd2 d5 6. e3 c5 7. c3 Nc6 8. Bb5 Bd7 9. Qe2 Bd6 10. a4 O-O 11. O-O a6 12. Bxc6 Bxc6 13. e4 Qf4 14. e5 Be7 15. g3 Qf5 16. Rfe1 Rac8 17. Nf1 Bd7 18. Ne3 Qh5 19. Kg2 cxd4 20. Nxd4 Qxe2 21. Rxe2 Bc5 22. Nec2 Ba7 23. Ree1 Rc4 24. a5 Rfc8 25. f4 Bb8 26. Red1 R4c5 27. Nb3 Rc4 28. Nbd4 Bc7 29. Ra3 Bd8 30. Kf3 R4c5 31. Nb3 Rc4 32. Ncd4 Be7 33. Ra2 f6 34. Re1 fxe5 35. fxe5 Rf8+ 36. Kg2 Rcc8 37. Raa1 Rf7 38. Rf1 Rxf1 39. Rxf1 Rc4 40. Ra1 Kf7 41. Kf3 Bd8 42. h4 Bc7 43. Nd2 Ra4 44. Rxa4 Bxa4 45. Kf4 Bxa5 46. g4 Bc7 47. h5 Bd8 48. b3 Bg5+ 49. Kf3 Bxd2 50. bxa4 Bxc3 51. Nb3 Bxe5 52. Nc5 b5 53. axb5 axb5 54. Nd7 Bd4 55. Nb8 Bc5 56. Nc6 Bd6 57. Nd4 b4 58. Nb5 Be7 59. Ke3 e5 60. Kd3 Ke6 0-1


[Site "https://www.chess.com"]

[Event "Titled Tuesday Blitz July 26 Early 2022"]
[White "Lewtak, Damian"]
[Black "Ernst, Sipke"]
[WhiteFideId "1141724"]
[BlackFideId "1004689"]
[WhiteElo "2359"]
[BlackElo "2436"]
[Result "1-0"]
[Round "11"]
[TimeControl "180+1"]
[Date "2022.07.26"]
[WhiteClock "0:00:54"]
[BlackClock "0:01:00"]

1. g3 d5 2. Bg2 c6 3. c4 Nf6 4. cxd5 cxd5 5. d3 Nc6 6. Nf3 g6 7. O-O Bg7 8. Nc3 O-O 9. e4 dxe4 10. dxe4 Bg4 11. Qxd8 Rfxd8 12. h3 Bxf3 13. Bxf3 Nd4 14. Bd1 Nd7 15. Be3 e6 16. Kg2 Nc5 17. Rc1 Rac8 18. Na4 Nxe4 19. Rxc8 Rxc8 20. Bxd4 Bxd4 21. Bf3 Nd6 22. Rd1 e5 23. Rd2 b5 24. Nc3 Nc4 25. Re2 Nxb2 26. Nxb5 Nd3 27. Bd5 Rc5 28. Nxd4 Rxd5 29. Nc6 Rc5 30. Nxa7 f5 31. a4 e4 32. Nb5 Kg7 33. Ra2 Ne1+ 34. Kf1 Nf3 35. Ke2 Kf6 36. Na3 Nd4+ 37. Kd2 Nb3+ 38. Kd1 Rc1+ 39. Ke2 Rc3 40. Kd1 Ke5 41. Nc2 Rd3+ 42. Ke1 Rd5 43. Nb4 Rc5 44. a5 Rxa5 45. Nc6+ Kd5 46. Nxa5 Nc1 47. Rd2+ Kc5 48. Rc2+ 1-0


[Site "https://www.chess.com"]

[Event "Titled Tuesday Blitz July 26 Early 2022"]
[White "Lianes Garcia, Marcos"]
[Black "Odegov, Artem"]
[WhiteFideId "32060777"]
[BlackFideId "34183644"]
[WhiteElo "2334"]
[BlackElo "2286"]
[Result "1-0"]
[Round "11"]
[TimeControl "180+1"]
[Date "2022.07.26"]
[WhiteClock "0:00:31"]
[BlackClock "0:00:08"]

1. e4 e6 2. g3 d5 3. Bg2 Nf6 4. e5 Nfd7 5. d4 c5 6. c3 Nc6 7. Ne2 f6 8. Nf4 Qe7 9. exf6 Nxf6 10. dxc5 Bd7 11. O-O O-O-O 12. Re1 Qf7 13. Nd3 g6 14. Bf4 Bg7 15. Nd2 Nh5 16. Bd6 Bf8 17. Nf3 Bxd6 18. cxd6 Rde8 19. Nde5 Qf8 20. c4 d4 21. Nxd7 Kxd7 22. Nxd4 Nxd4 23. Qxd4 Qxd6 24. Qxa7 Qc7 25. Rad1+ Ke7 26. Qe3 Kf7 27. b3 Rhf8 28. Qf3+ Kg8 29. Qxb7 Qc5 30. Rd2 Nf6 31. Qc6 Qa5 32. Rde2 e5 33. h3 e4 34. Bxe4 Rxe4 35. Rxe4 Nxe4 36. Qxe4 Qxa2 37. Qe3 Qb2 38. Kg2 Qf6 39. Re2 Qc6+ 40. Qe4 Qc7 41. Qd5+ Rf7 42. c5 Qb7 43. c6 Qc7 44. b4 Kg7 45. b5 h5 46. Qe5+ Qxe5 47. Rxe5 Rf5 48. Rxf5 gxf5 49. c7 f4 50. c8=Q fxg3 51. Qc6 h4 52. b6 Kh7 53. b7 gxf2 54. b8=Q f1=Q+ 55. Kxf1 Kg7 56. Qbb7+ Kf8 57. Qcc8# 1-0


[Site "https://www.chess.com"]

[Event "Titled Tuesday Blitz July 26 Early 2022"]
[White "Lubbe, Nikolas"]
[Black "Vakhlamov, Igor L."]
[WhiteFideId "4694031"]
[BlackFideId "24126748"]
[WhiteElo "2447"]
[BlackElo "2401"]
[Result "1-0"]
[Round "11"]
[TimeControl "180+1"]
[Date "2022.07.26"]
[WhiteClock "0:00:31"]
[BlackClock "0:00:03"]

1. d4 d5 2. Nc3 Nf6 3. Bf4 a6 4. e3 e6 5. g4 b5 6. g5 Nfd7 7. h4 Bb7 8. Nf3 c5 9. Ne2 Nc6 10. c3 Nb6 11. h5 Rc8 12. Bh3 Nc4 13. Qb1 cxd4 14. exd4 Bd6 15. Bxd6 Nxd6 16. Qd3 Qe7 17. g6 hxg6 18. hxg6 f5 19. O-O-O Ne4 20. Qe3 b4 21. Kb1 bxc3 22. Nxc3 Kd7 23. Nxe4 fxe4 24. Ng5 Nd8 25. f3 exf3 26. Nxf3 Kc7 27. Qf4+ Qd6 28. Rc1+ Kd7 29. Ne5+ Ke8 30. Rce1 Rc7 31. Bxe6 Rxh1 32. Bf7+ Ke7 33. Rxh1 Qf6 34. Qe3 Kd6 35. Qa3+ Rc5 36. Qxc5# 1-0


[Site "https://www.chess.com"]

[Event "Titled Tuesday Blitz July 26 Early 2022"]
[White "Madaminov, Mukhiddin"]
[Black "Urbina Perez, Juan Antonio"]
[WhiteFideId "14210703"]
[BlackFideId "2217368"]
[WhiteElo "2011"]
[BlackElo "2192"]
[Result "1-0"]
[Round "11"]
[TimeControl "180+1"]
[Date "2022.07.26"]
[WhiteClock "0:01:47"]
[BlackClock "0:01:20"]

1. d4 d5 2. Nc3 c6 3. Bf4 Nf6 4. e3 Bf5 5. f3 e6 6. g4 Bg6 7. h4 h5 8. g5 Ng8 9. Bd3 Bd6 10. Bxg6 fxg6 11. Qd3 Kf7 12. Nge2 Ne7 13. O-O-O Rf8 14. e4 Bxf4+ 15. Nxf4 Qc8 16. Nce2 Kg8 17. exd5 exd5 18. Nxg6 Nxg6 19. Qxg6 Qf5 20. Qxf5 Rxf5 21. Rdf1 Nd7 22. Ng3 Rf4 23. Nxh5 Rxd4 24. Re1 Rf8 25. Re7 Rf7 26. Rhe1 Rxh4 27. g6 Rxe7 28. Rxe7 Nf8 29. Rxg7+ Kh8 30. Rf7 Nxg6 31. Nf6 Ne5 32. Rxb7 Nxf3 33. b3 Rh2 34. Rxa7 Nd4 35. c4 dxc4 36. bxc4 Rc2+ 37. Kd1 Rxc4 38. Rh7# 1-0


[Site "https://www.chess.com"]

[Event "Titled Tuesday Blitz July 26 Early 2022"]
[White "Mardov, Dimitar"]
[Black "Lazavik, Denis"]
[WhiteFideId "30919495"]
[BlackFideId "13515110"]
[WhiteElo "2185"]
[BlackElo "2437"]
[Result "0-1"]
[Round "11"]
[TimeControl "180+1"]
[Date "2022.07.26"]
[WhiteClock "0:00:10"]
[BlackClock "0:01:03"]

1. d4 f5 2. Nf3 Nf6 3. c4 g6 4. g3 Bg7 5. Bg2 O-O 6. O-O d6 7. d5 c6 8. Nc3 e5 9. dxe6 Bxe6 10. Bf4 Bxc4 11. Bxd6 Re8 12. Be5 Qxd1 13. Rfxd1 Nbd7 14. Bd4 Nb6 15. e3 Rad8 16. a4 Bb3 17. Rdc1 Nc8 18. a5 a6 19. Na4 Bd5 20. Nc5 Nd6 21. Ne5 Bxg2 22. Kxg2 Nfe4 23. Nxe4 fxe4 24. Nc4 Bxd4 25. exd4 Nb5 26. Ne3 Nxd4 27. Ra4 Nf5 28. Nxf5 gxf5 29. Rb4 Re7 30. Rc5 Rf7 31. g4 fxg4 32. Rxe4 Rd2 33. Rxg4+ Kf8 34. b4 Rfxf2+ 35. Kg3 Rg2+ 36. Kh4 Rxg4+ 37. Kxg4 Rd4+ 38. Kg5 Rxb4 39. Kf6 Rb5 40. Rc3 Rxa5 41. Rd3 Rd5 42. Rb3 Rd6+ 43. Ke5 Rd7 44. Ke6 Re7+ 45. Kf6 Ke8 46. Rg3 Kd8 47. Rg8+ Kd7 48. Rb8 Kc7 0-1


[Site "https://www.chess.com"]